 Dungeon Crawl Stone Soup version 0.30.1-9-gdf580d7c3d (webtiles) character file.

Game seed: 10661260246001473767

235 booth the Chopper (level 5, -3/63 HPs)
             Began as a Demonspawn Monk on Oct 7, 2023.
             Slain by a gnoll
             ... wielding a +0 spear
              (5 damage)
             ... on level 4 of the Dungeon.
             The game lasted 00:18:19 (3756 turns).

booth the Chopper (Demonspawn Monk)                 Turns: 3756, Time: 00:18:20

Health: -3/63      AC:  6    Str: 13    XL:     5   Next: 76%
Magic:  0/5        EV: 13    Int: 12    God:
Gold:   179        SH:  0    Dex: 15    Spells: 4/4 levels left

rFire   . . .        a - +0 hand axe
rCold   + . .        (no shield)
rNeg    . . .        w - +0 leather armour
rPois   .            o - +0 helmet
rElec   .            (no cloak)
rCorr   .            (no gloves)
SInv    .            (no boots)
Will    .....        (no amulet) Stlth
                     r - ring of protection from cold
HPRegen 0.30/turn    (no ring)
MPRegen 0.18/turn

%: guardian spirit
@: brilliant, berserking, very quick
A: yellow scales 1, magic shield, magic regeneration, demonic magic 1
a: no special abilities


You were on level 4 of the Dungeon.
You visited 1 branch of the dungeon, and saw 4 of its levels.

You collected 179 gold pieces.

Inventory:

Hand Weapons
 a - a +0 hand axe (weapon)
 g - a +0 mace
Missiles
 e - 3 silver boomerangs
 j - 9 boomerangs (quivered)
 q - 5 poisoned darts
 v - a boomerang of dispersal
Armour
 d - an orb of light
 l - a +0 ring mail
 o - a +0 helmet (worn)
 w - a +0 leather armour (worn)
Jewellery
 r - a ring of protection from cold (left hand)
Scrolls
 b - a scroll of enchant armour {unknown}
 h - a scroll of teleportation
 s - a scroll of enchant weapon {unknown}
 u - a scroll of vulnerability {unknown}
 x - a scroll of poison
Potions
 c - 2 potions of ambrosia
 f - 2 potions of curing
 k - a potion of attraction {unknown}
 m - a potion of mutation
 n - a potion of resistance
 p - a potion of heal wounds {unknown}
 t - a potion of berserk rage


   Skills:
 + Level 4.1 Fighting
 * Level 4.6 Axes
 + Level 3.7 Dodging


You had 4 spell levels left.
You didn't know any spells.
Your spell library was empty.

Dungeon Overview and Level Annotations

Branches:
Dungeon (4/15)
 Temple: D:4-7

Altars:


Innate Abilities, Weirdness & Mutations

You are partially covered in yellow scales. (AC +2)
When hurt, damage is shared between your health and your magic reserves.
You regenerate magic rapidly.
Spells you cast may paralyse adjacent enemies.


Message History

You hit the gnoll but do no damage. The gnoll barely misses you.
The gnoll hits you with a +0 flail. The gnoll hits you with a +0 spear.
The gnoll hits you but does no damage.
You hit the gnoll.
The gnoll is moderately wounded.
You closely miss the gnoll. You hit the gnoll but do no damage.
The gnoll completely misses you. The gnoll hits you with a +0 flail!
* * * LOW HITPOINT WARNING * * *
The gnoll hits you but does no damage.
It was a potion of brilliance.
You feel clever all of a sudden.
The gnoll hits you from afar with a +0 spear.
* * * LOW HITPOINT WARNING * * *
The gnoll barely misses you. The gnoll misses you.
The gnoll hits you with a +0 club.
* * * LOW HITPOINT WARNING * * *
You feel better. The gnoll closely misses you. The gnoll misses you.
The gnoll hits you with a +0 spear.
* * * LOW HITPOINT WARNING * * *
The gnoll barely misses you.
It was a potion of berserk rage.
A red film seems to cover your vision as you go berserk!
You feel yourself moving faster!
You feel mighty!
The gnoll hits you from afar with a +0 spear.
* * * LOW HITPOINT WARNING * * *
The gnoll hits you with a +0 flail.
* * * LOW HITPOINT WARNING * * *
The gnoll hits you with a +0 spear.
* * * LOW HITPOINT WARNING * * *
You barely miss the gnoll.
The gnoll is moderately wounded.
You hit the gnoll. You slash the gnoll!
You kill the gnoll!
The gnoll barely misses you. The gnoll hits you with a +0 spear.
* * * LOW HITPOINT WARNING * * *
You hit the gnoll.
The gnoll is almost dead.
You hit the gnoll. The gnoll misses you.
The gnoll hits you from afar with a +0 spear.
You die...

............# .....
............# .....
............# ......
............# ......
............## #.....
.............##....
...........g.#..#
.............g.#
.?..........g@##
.............##
#............#
###.........######## #
####.....####....#####
# ###
##...####.........###
## #..### ##...##
#............## #.
.....###...##
##.............# ##
...<......##
##..............## #


You could see 3 gnolls.

Vanquished Creatures
  A hound (D:4)
  2 orc wizards
  A gnoll (D:4)
  5 adders
  3 worms
  3 dart slugs
  13 orcs
  4 endoplasms
  2 giant cockroaches
  6 goblins
  3 hobgoblins
  5 quokkas
  8 ball pythons
  8 bats
  5 frilled lizards
  5 kobolds
  2 rats
76 creatures vanquished.

Notes
Turn   | Place    | Note
-------+----------+-------------------------------------------
     0 | D:1      | booth the Demonspawn Monk began the quest for the Orb.
     0 | D:1      | Reached XP level 1. HP: 18/18 MP: 1/1
   267 | D:1      | Gained mutation: You regenerate magic rapidly. [demonic
                  | ancestry]
   267 | D:1      | Reached XP level 2. HP: 19/24 MP: 2/2
   646 | D:1      | You fall into a shaft and drop 1 floor!
  1018 | D:2      | Gained mutation: Spells you cast may paralyse adjacent
                  | enemies. [demonic ancestry]
  1018 | D:2      | Reached XP level 3. HP: 27/29 MP: 3/3
  1865 | D:2      | Found a faded altar of an unknown god.
  2256 | D:3      | Gained mutation: When hurt, damage is shared between your
                  | health and your magic reserves. [demonic ancestry]
  2256 | D:3      | Reached XP level 4. HP: 36/36 MP: 4/4
  3137 | D:4      | Gained mutation: You are partially covered in yellow
                  | scales. (AC +2) [demonic ancestry]
  3137 | D:4      | Reached XP level 5. HP: 33/42 MP: 5/5
  3752 | D:4      | HP: 2/42 [gnoll/+0 club (2)]
  3756 | D:4      | Slain by a gnoll

Illustrated notes

Levels and vault maps discovered:
D:1:      dpeg_arrival_castle, layout_basic, serial_corexii_hall,
          corexii_hall_statues_i, chequers_hall_statues_wall_a,
          chequers_hall_statues_y, kennysheep_nondescript, amethyst_killhole,
          minmay_hedge_maze
D:2:      layout_basic, shapermc_ecumenical_altar_acropolis
D:3:      layout_loops_ring
D:4:      layout_cave_pods

Skill      XL: |  1  2  3  4  5 |
---------------+----------------+-----
Axes           | 3 4 |  4.6
Dodging        | 3 |  3.7
Fighting       | 4 |  4.1

Action                     |  1- 3 |  4- 6 || total
---------------------------+-------+-------++-------
  Melee: Hand axe          |   117 |   135 ||   252
    Use: Scroll            |     6 |     1 ||     7
         Potion            |     2 |     4 ||     6
 Armour: Robe              |    30 |    32 ||    62
         Leather armour    |       |     5 ||     5
  Dodge: Dodged            |    65 |   108 ||   173
